 Dungeon Crawl Stone Soup version 0.15.1-1-gfacfea3 (webtiles) character file.

2760 Johnny the Firebug (level 9, -1/66 (73) HPs)
             Began as a Demigod Fire Elementalist on Sept 27, 2014.
             Slain by a wandering mushroom (7 damage)
             ... on Level 8 of the Dungeon.
             The game lasted 00:20:40 (9203 turns).

Johnny the Firebug (Demigod Fire Elementalist)      Turns: 9203, Time: 00:20:40

HP  -1/66 (73)   AC  8     Str 11      XL: 9   Next: 18%
MP  23/23        EV 14     Int 25      God:
Gold 370         SH  0     Dex 19      Spells:  2 memorised, 12 levels left

rFire  . . .     SeeInvis .     x - +6 falchion of Conscience {freeze, +Rage rC+}
rCold  + . .     Clarity  .     G - +1 robe of Midnight {+Rage Int+2}
rNeg   . . .     rCorr    .     (no shield)
rPois  .         rRot     .     (no helmet)
rElec  .         Spirit   .     I - +0 cloak
SustAb +         Warding  .     y - +2 pair of gloves
rMut   .         Stasis   .     p - +0 pair of boots
Gourm  .                        (no amulet)
MR     .....                    (no ring)
                                z - ring of sustain abilities

@: hasted, very quick, not resistant to hostile enchantments, fairly stealthy
A: no striking features
a: Evoke Berserk Rage


You were on level 8 of the Dungeon.
You were not hungry.

You visited 1 branch of the dungeon, and saw 8 of its levels.

You collected 370 gold pieces.

Inventory:

Hand weapons
 f - a cursed -1 short sword
 g - a +1 dagger of speed
 j - a +2 antimagic mace
 q - a +0 morningstar of protection
 x - the +6 falchion of Conscience (weapon) {freeze, +Rage rC+}
   (You found it on level 4 of the Dungeon)

   It has been specially enchanted to freeze those struck by it, causing extra
   injury to most foes and up to double damage against particularly susceptible
   opponents.
   It can also slow down cold-blooded creatures.
   It protects you from cold.
   It lets you go berserk.
 F - a +0 vampiric short sword
Armour
 p - a +0 pair of boots (worn)
 r - a +1 leather armour of cold resistance
 y - a +2 pair of gloves (worn)
 G - the +1 robe of Midnight (worn) {+Rage Int+2}
   (You found it on level 6 of the Dungeon)

   It affects your intelligence (+2).
   It lets you go berserk.
 I - a +0 cloak (worn)
Magical devices
 a - a wand of paralysis (1)
 H - a wand of flame (7)
 J - a wand of confusion (7)
Comestibles
 c - 6 bread rations
 n - 3 slices of pizza
 w - 2 meat rations
 L - a chunk of hobgoblin flesh
 N - 2 fruits
Scrolls
 h - a scroll of random uselessness
 i - a scroll of recharging {unknown}
 k - 2 scrolls of teleportation {unknown}
 o - 2 scrolls of magic mapping {unknown}
 s - 3 scrolls of enchant weapon {unknown}
 A - 3 scrolls of amnesia {unknown}
 B - a scroll of blinking {unknown}
 D - a scroll of immolation {unknown}
 E - a scroll of enchant armour {unknown}
 K - 2 scrolls of identify
 M - a scroll of remove curse
Jewellery
 z - a ring of sustain abilities (left hand)
Potions
 d - 4 potions of curing
 e - a potion of poison {unknown}
 l - a potion of magic {unknown}
 m - a potion of cancellation {unknown}
 t - 2 potions of confusion
 u - 2 potions of haste
 v - a potion of degeneration {unknown}
Books
 b - a book of Flames

   Spells                             Type                      Level
   *Flame Tongue                      Conjuration/Fire             1
   Throw Flame                        Conjuration/Fire             2
   Conjure Flame                      Conjuration/Fire             3
   Inner Flame                        Hexes/Fire                   3
   *Sticky Flame                      Conjuration/Fire             4
   Fireball                           Conjuration/Fire             5
 C - a book of Changes

   Spells                             Type                      Level
   Beastly Appendage                  Transmutation                1
   Sticks to Snakes                   Transmutation                2
   Spider Form                        Transmutation/Poison         3
   Ice Form                           Ice/Transmutation            4
   Blade Hands                        Transmutation                5


   Skills:
 * Level 4.9 Fighting
 + Level 3.3 Armour
 + Level 3.5 Dodging
 + Level 3.6 Stealth
 * Level 4.7 Spellcasting
 * Level 4.5 Conjurations
 * Level 5.6 Fire Magic
 + Level 3.4 Evocations


You had 12 spell levels left.
You knew the following spells:

 Your Spells              Type           Power        Failure   Level  Hunger
a - Flame Tongue          Conj/Fire      ####.        1%          1    None
b - Sticky Flame          Conj/Fire      ####....     12%         4    ####...


Dungeon Overview and Level Annotations

Branches:
Dungeon (8/15)             Temple (0/1) D:5
   Lair: D:8-11

Annotations:
D:3 stonage's ghost, average GrFi


Message History

* * * LOW HITPOINT WARNING * * *
You are engulfed in a cloud of spores!
You are more confused.
The wandering mushroom barely misses you.
Drink which item? (? for menu, Esc to quit)
You feel better. The wandering mushroom misses you.
The wandering mushroom releases spores at you!
* * * LOW HITPOINT WARNING * * *
You are engulfed in a cloud of spores!
You are confused.
Drink which item? (? for menu, Esc to quit)
You feel better.
The wandering mushroom releases spores at you!
* * * LOW HITPOINT WARNING * * *
You are engulfed in a cloud of spores!
The wandering mushroom closely misses you.
Drink which item? (? for menu, Esc to quit)
You feel yourself speed up.
The wandering mushroom releases spores at you!
You die...

##.#.#..###.##.#..#.##.#
..#♣♣♣♣♣ ♣<##.........
##♣ ♣♣........#
♣........# ♣####..###
#..# ♣♣♣####..#
♣♣f♣♣......# ♣♣♣♣@♣
♣####.## ♣♣...♣f♣ #)#
♣.♣♣♣♣♣♣♣####.#
♣♣....♣♣♣.....#
♣♣♣♣♣.♣..##### #...##
#####


You could see 2 wandering mushrooms.

Vanquished Creatures
  Grinder (D:6)
  2 hippogriffs (D:7)
  Edmund (D:4)
  A black bear (D:7)
  2 sky beasts (D:6)
  An ice beast (D:6)
  3 ogres
  A necrophage (D:7)
  Sigmund (D:4)
  A big kobold (D:7)
  A wyvern zombie (D:7)
  A giant frog (D:7)
  An eye of draining (D:5)
  A scorpion (D:4)
  A troll skeleton (D:7)
  2 crimson imps
  2 iguanas
  2 hounds (D:7)
  Crazy Yiuf (D:6)
  5 orc priests
  5 orc wizards
  5 jellies (D:6)
  5 worker ants
  Ijyb (D:2)
  A hound skeleton (D:4)
  A worker ant zombie (D:6)
  8 adders
  A gnoll (D:6)
  A shadow imp (D:7)
  A giant mite (D:4)
  An inept item mimic (D:4)
  3 worms (D:2)
  5 giant geckos
  20 orcs
  A ball python (D:2)
  9 bats
  6 giant cockroaches
  16 goblins
  8 hobgoblins
  8 jackals
  5 oozes
  2 quokkas
  6 giant newts
  A giant newt skeleton (D:4)
  2 giant spores
  A goblin skeleton (D:4)
  12 kobolds
  11 rats
  3 ballistomycetes
180 creatures vanquished.

Vanquished Creatures (others)
  A toadstool (D:6)
1 creature vanquished.

Grand Total: 181 creatures vanquished

Notes
Turn   | Place    | Note
--------------------------------------------------------------
     0 | D:1      | Johnny, the Demigod Fire Elementalist, began the quest for the Orb.
     0 | D:1      | Reached XP level 1. HP: 14/14 MP: 3/3
     9 | D:1      | Reached skill level 1 in Conjurations
   514 | D:1      | Reached XP level 2. HP: 20/20 MP: 5/5
  1300 | D:2      | Reached skill level 1 in Fighting
  1300 | D:2      | Reached XP level 3. HP: 13/28 MP: 3/8
  1363 | D:2      | Reached skill level 1 in Armour
  1849 | D:2      | Reached skill level 3 in Fire Magic
  1921 | D:2      | Reached XP level 4. HP: 25/35 MP: 4/11
  1937 | D:2      | Found a shadowy altar of Dithmenos.
  1937 | D:2      | Noticed Ijyb
  1978 | D:2      | Killed Ijyb
  2657 | D:3      | Noticed stonage's ghost (average GrFi)
  2674 | D:3      | Learned a level 4 spell: Sticky Flame
  3987 | D:4      | Reached XP level 5. HP: 41/41 MP: 12/12
  4110 | D:4      | Noticed an ogre
  4118 | D:4      | Killed an ogre
  4401 | D:4      | Reached XP level 6. HP: 50/50 MP: 5/15
  4632 | D:4      | Got an ichor-stained falchion
  4633 | D:4      | Identified the +6 falchion of Conscience {freeze, +Rage rC+} (You found it on level 4 of the Dungeon)
  4708 | D:4      | Noticed Sigmund
  4725 | D:4      | Killed Sigmund
  4725 | D:4      | Reached skill level 1 in Evocations
  4748 | D:4      | Noticed Edmund
  4767 | D:4      | Killed Edmund
  5007 | D:4      | Reached XP level 7. HP: 57/57 MP: 18/18
  5196 | D:5      | Entered Level 5 of the Dungeon
  5421 | D:5      | Found a staircase to the Ecumenical Temple.
  5611 | D:5      | Reached skill level 4 in Fire Magic
  6219 | D:6      | Got an opalescent robe
  6230 | D:6      | Identified the +1 robe of Midnight {+Rage Int+2} (You found it on level 6 of the Dungeon)
  6493 | D:6      | Reached XP level 8. HP: 20/66 MP: 8/20
  6724 | D:6      | Noticed Grinder
  6755 | D:6      | Killed Grinder
  6823 | D:6      | Found a viscous altar of Jiyva.
  6835 | D:6      | Reached skill level 5 in Fire Magic
  7181 | D:6      | Found a stormy altar of Qazlal.
  7187 | D:6      | Found a bloodstained altar of Trog.
  7374 | D:6      | Found a basalt altar of Yredelemnul.
  7400 | D:6      | Noticed Crazy Yiuf
  7406 | D:6      | Killed Crazy Yiuf
  8253 | D:7      | Reached XP level 9. HP: 65/65 MP: 23/23
  9203 | D:8      | Slain by a wandering mushroom

Action                   |  1- 3 |  4- 6 |  7- 9 || total
-------------------------+-------+-------+-------++-------
Melee: Dagger            |   217 |   192 |       ||   409
       Whip              |     8 |       |       ||     8
       Unarmed           |     2 |       |       ||     2
       Falchion          |       |    24 |   282 ||   306
       Morningstar       |       |     3 |       ||     3
 Cast: Flame Tongue      |    20 |    19 |     7 ||    46
       Sticky Flame      |       |     5 |     6 ||    11
 Abil: Evoke Berserk Rag |       |       |     3 ||     3
Evoke: Wand              |       |    17 |     3 ||    20
  Use: Scroll            |       |     4 |     2 ||     6
       Potion            |       |     2 |     4 ||     6
 Stab: Sleeping          |     2 |     4 |     7 ||    13
       Distracted        |       |     1 |       ||     1
       Paralysed         |       |     7 |       ||     7
  Eat: Chunk             |     3 |     9 |    15 ||    27
       Fruit             |       |     5 |     2 ||     7
